 Dungeon Crawl Stone Soup version 0.17-a0-1411-g06ff558 (webtiles) character file.

107 matakusis the Sneak (level 4, -9/30 HPs)
             Began as a Vampire Enchanter on June 23, 2015.
             Was an Initiate of Ru.
             Killed by divine providence
             ... invoked by an orc priest
              (14 damage)
             ... on level 3 of the Dungeon.
             The game lasted 00:24:09 (4106 turns).

matakusis the Sneak (Vampire Enchanter)             Turns: 4106, Time: 00:24:09

Health: -9/30      AC:  4    Str:  7    XL:     4   Next: 56%
Magic:  7/7        EV: 13    Int: 17    God:    Ru [......]
Gold:   46         SH:  0    Dex: 15    Spells: 3 memorised, 0 levels left

rFire  . . .     SeeInvis +     a - +1 dagger
rCold  . . .     Clarity  .     b - +1 robe
rNeg   + + .     SustAt   .     (no shield)
rPois  .         Gourm    .     h - +0 helmet {SInv}
rElec  .         Spirit   .     (no cloak)
rCorr  .         Warding  +     (no gloves)
rMut   .         Stasis   .     (no boots)
MR     .....                    l - amulet of warding
Stlth  ++++......               (no ring)
                                (no ring)

@: not resistant to hostile enchantments, stealthy
A: fangs 3, see invisible, unbreathing
a: Bat Form, Renounce Religion


You were on level 3 of the Dungeon.
You worshipped Ru.
Ru was noncommittal.
You were not thirsty.

You visited 1 branch of the dungeon, and saw 3 of its levels.

You collected 46 gold pieces.

Inventory:

Hand weapons
 a - a +1 dagger (weapon)
Armour
 b - a +1 robe (worn)
 h - a +0 helmet of see invisible (worn)
Jewellery
 l - an amulet of warding (around neck)
Magical devices
 k - a wand of confusion (21)
Scrolls
 f - a scroll of fear {unknown}
 g - 2 scrolls of remove curse {unknown}
 i - a scroll of enchant weapon {unknown}
 j - a scroll of identify {unknown}
 m - a scroll of teleportation {unknown}
Potions
 d - a potion of invisibility {unknown}
 e - 3 potions of flight
 n - a potion of lignification {unknown}
 o - a potion of agility {unknown}
Books
 c - a book of Maledictions

   Spells                             Type                      Level
   a - Corona                         Hexes                        1
   b - Ensorcelled Hibernation        Hexes/Ice                    2
   c - Confuse                        Hexes                        3
   d - Tukima's Dance                 Hexes                        3
   e - Dazzling Spray                 Conjuration/Hexes            3


   Skills:
 * Level 2.1 Short Blades
 + Level 3.0 Dodging
 * Level 6.1 Stealth
 - Level 2.2 Spellcasting
 * Level 5.1 Hexes
 - Level 0.1 Evocations


You couldn't memorise any spells.
You knew the following spells:

 Your Spells              Type           Power        Failure   Level  Hunger
a - Corona                Hex            ###....      2%          1    #......
b - Tukima's Dance        Hex            ###.....     10%         3    ###....
c - Confuse               Hex            ###.....     10%         3    ###....


Dungeon Overview and Level Annotations

Branches:
Dungeon (3/15)

Altars:
Elyvilon
Okawaru
Ru
Sif Muna


Innate Abilities, Weirdness & Mutations

You have razor-sharp teeth.
You have supernaturally acute eyesight.
You can survive without breathing.


Message History

d - a fizzy golden potion
Found a stone staircase leading down.
Unknown command.
o - a murky orange potion An orc priest comes into view.
It is wielding a trident.
An orc comes into view. It is wielding a hand axe.
An orc comes into view.
An orc priest comes into view. It is wielding a flail of protection.
An orc comes into view. It is wielding a whip.
The orc priest shouts!
The orc priest invokes the aid of Beogh against you.
Something smites you!
* * * LOW HITPOINT WARNING * * *
The orc shouts!
The orc priest shouts!
You hit the orc priest. Your bite misses the orc priest.
The orc priest is lightly wounded.
The orc priest barely misses you.
The orc priest invokes the aid of Beogh against you.
Something smites you!
You die...

## .. ..# K. #. ..# #
#.##.##.##..
###.........S.
#...##<.#.##.. #.# ##...#
#.# #†..##
.###########>#####....#
..ooooo.@.............#
############.#####....##.
#.# #..<.... #.# #.#.....
#.# #..÷#### #.# #...#..#
#.....#.#...#
#..#....#...# ...###....#


You could see 2 orc priests and 3 orcs.

Vanquished Creatures
  4 adders (D:2)
  2 worms
  4 giant geckos
  5 giant cockroaches
  6 hobgoblins
  7 kobolds
  A ball python (D:3)
  6 bats
  3 giant newts (D:2)
  9 goblins
  A quokka (D:2)
  4 rats
52 creatures vanquished.

Vanquished Creatures (collateral kills)
  An adder (D:2)
1 creature vanquished.

Grand Total: 53 creatures vanquished

Notes
Turn   | Place    | Note
--------------------------------------------------------------
     0 | D:1      | matakusis the Vampire Enchanter began the quest for the Orb.
     0 | D:1      | Reached XP level 1. HP: 13/13 MP: 3/3
   190 | D:1      | Reached XP level 2. HP: 17/19 MP: 5/5
   208 | D:1      | Reached skill level 5 in Stealth
   956 | D:2      | Found an iron altar of Okawaru.
   990 | D:2      | Reached XP level 3. HP: 5/24 MP: 3/6
  2550 | D:2      | Found a deep blue altar of Sif Muna.
  2751 | D:2      | Found a sacrificial altar of Ru.
  2759 | D:2      | Became a worshipper of Ru the Awakened
  2865 | D:2      | Reached skill level 5 in Hexes
  2865 | D:2      | Reached XP level 4. HP: 30/30 MP: 7/7
  2866 | D:2      | Found a white marble altar of Elyvilon.
  3433 | D:2      | Reached skill level 6 in Stealth
  3627 | D:2      | Learned a level 3 spell: Tukima's Dance
  3631 | D:2      | Learned a level 3 spell: Confuse
  4106 | D:3      | Killed from afar by an orc priest

Vault maps used:
D:1:      matt_arrival_grand_opening
D:2:      lemuel_round_altar, nicolae_ru_path_of_blood, elyvilon_altar_5,
          led_sif_pool
D:3:      nicolae_qazlal_style_of_elements, makhleb_blood_cavern_becter

Action                   |  1- 3 |  4- 6 || total
-------------------------+-------+-------++-------
Melee: Dagger            |   155 |    68 ||   223
 Cast: Corona            |    19 |    13 ||    32
       Confuse           |       |     2 ||     2
       Tukima's Dance    |       |     1 ||     1
Evoke: Wand              |       |     2 ||     2
  Use: Potion            |     3 |     7 ||    10
 Stab: Sleeping          |    15 |     2 ||    17
       Confused          |       |     1 ||     1
